 Dungeon Crawl Stone Soup version 0.22.1-2-g9c5b331 (webtiles) character file.

542 whitewolfNL the Cudgeler (level 7, -1/60 HPs)
             Began as a Minotaur Berserker on Nov 17, 2018.
             Was a Priest of Trog.
             Slain by Duvessa
             ... wielding a +0 short sword
              (8 damage)
             ... on level 4 of the Dungeon.
             The game lasted 00:18:19 (4057 turns).

whitewolfNL the Cudgeler (Minotaur Berserker)       Turns: 4057, Time: 00:18:19

Health: -1/60      AC: 10    Str: 22    XL:     7   Next: 6%
Magic:  6/6        EV:  9    Int:  5    God:    Trog [***...]
Gold:   258        SH:  0    Dex: 10    Spells: 6/6 levels left

rFire    . . .     SeeInvis .   B - -1 morningstar (curse)
rCold    . . .     Gourm    .   (no shield)
rNeg     . . .     Faith    .   n - +0 chain mail
rPois    .         Spirit   .   (helmet restricted)
rElec    .         Reflect  .   (no cloak)
rCorr    .         Harm     .   h - +0 pair of gloves
MR       .....                  (no boots)
Stlth    ..........             (no amulet)
HPRegen  0.20/turn              (no ring)
MPRegen  0.10/turn              (no ring)

@: about to teleport, berserk cooldown, slowed, glowing, very slow
A: retaliatory headbutt, horns 2
a: Berserk, Trog's Hand, Renounce Religion


You were on level 4 of the Dungeon.
You worshipped Trog.
Trog was most pleased with you.
You were near starving.

You visited 1 branch of the dungeon, and saw 4 of its levels.
You also visited: Sewer.

You collected 258 gold pieces.

Inventory:

Hand Weapons
 j - a +0 mace
 B - a cursed -1 morningstar (weapon)
Missiles
 w - 12 arrows
 x - 2 needles of confusion
 y - 22 sling bullets
Armour
 h - a +0 pair of gloves (worn)
 n - a +0 chain mail (worn)
Wands
 d - a wand of digging (12)
 z - a wand of flame (36)
Scrolls
 a - 2 scrolls of enchant weapon {unknown}
 b - 2 scrolls of remove curse
 e - 2 scrolls of magic mapping {unknown}
 i - 2 scrolls of teleportation
 q - a scroll of enchant armour {unknown}
 s - a scroll of amnesia {unknown}
 v - a scroll of fog {unknown}
Potions
 f - a potion of magic {unknown}
 g - 3 potions of agility
 k - 2 potions of berserk rage {unknown}
 l - 2 potions of curing {unknown}
 p - 3 potions of heal wounds {unknown}
 r - a potion of haste {unknown}
 A - 2 potions of brilliance {unknown}
Miscellaneous
 t - a crystal ball of energy
Comestibles
 c - 10 rations


   Skills:
 + Level 4.8 Fighting
 * Level 7.2 Maces & Flails
 * Level 4.3 Armour
 * Level 3.5 Dodging
 * Level 1.8 Stealth


You had 6 spell levels left.
You didn't know any spells.
Your spell library was empty.

Dungeon Overview and Level Annotations

Branches:
Dungeon (4/15)
 Temple: D:4-7

Altars:
Gozag
Kikubaaqudgha
Sif Muna
Zin

Annotations:
D:4 Dowan, Duvessa


Innate Abilities, Weirdness & Mutations

You reflexively headbutt those who attack you in melee.
You have a pair of horns on your head.


Message History

Unknown command.
You barely miss Duvessa.
Duvessa is severely wounded.
Duvessa says, "Where magic fails, the sword succeeds!"
Duvessa hits you with a short sword. Dowan hits you but does no damage.
Duvessa hits you with a short sword. Dowan casts a spell at you.
The puff of flame hits you!
* * * LOW HITPOINT WARNING * * *
You completely miss Duvessa.
Duvessa is severely wounded.
Duvessa hits you but does no damage.
Dowan smirks and points a slender finger.
Dowan closely misses you. Duvessa hits you with a short sword!
* * * LOW HITPOINT WARNING * * *
Dowan casts a spell at you. The puff of frost misses you.
As you read the scroll of teleportation, it crumbles to dust.
You feel strangely unstable. Duvessa hits you with a short sword!
You die...

# .## ####..###
........###
..........### #=
............#### ###...
...............###......
.................e......
................@e......
..................#.....
........###......## ...
........# ###.....# .
...[.....# ##....#
.........# .###.#
....<....# .# #..#
.........# ## #..#
.........# ##.#


You could see Duvessa and Dowan.

Vanquished Creatures
  2 bullfrogs (Sewer)
  A crimson imp (D:3)
  Jessica (D:3)
  Natasha (thrice) (D:3)
  An iguana (D:4)
  A hound zombie (D:3)
  A hound skeleton (D:3)
  A worker ant zombie (D:3)
  9 adders
  An ooze (D:1)
  An adder zombie (D:3)
  An adder skeleton (D:3)
  5 worms
  3 dart slugs
  5 leopard geckos
  4 orcs
  8 giant cockroaches
  5 goblins
  10 hobgoblins
  10 jackals
  13 kobolds
  A quokka (D:3)
  4 ball pythons
  A ball python skeleton (D:3)
  6 bats
  8 frilled lizards
  A quokka skeleton (D:3)
  7 rats
114 creatures vanquished.

Notes
Turn   | Place    | Note
-------+----------+-------------------------------------------
     0 | D:1      | whitewolfNL the Minotaur Berserker began the quest for the
                  | Orb.
     0 | D:1      | Reached XP level 1. HP: 19/19 MP: 0/0
    52 | D:1      | Reached skill level 4 in Maces & Flails
    55 | D:1      | Reached XP level 2. HP: 27/27 MP: 1/1
   580 | D:1      | Reached XP level 3. HP: 33/33 MP: 2/2
  1350 | D:2      | Reached ** piety under Trog
  1416 | D:2      | Found an ancient bone altar of Kikubaaqudgha.
  1431 | D:2      | Found an opulent altar of Gozag.
  1805 | D:2      | Reached XP level 4. HP: 40/40 MP: 3/3
  1859 | D:2      | Found a glowing silver altar of Zin.
  1921 | D:2      | Reached skill level 5 in Maces & Flails
  2265 | D:3      | Found a glowing drain.
  2277 | D:3      | Noticed Natasha
  2283 | D:3      | Killed Natasha
  2283 | D:3      | Reached XP level 5. HP: 42/47 MP: 4/4
  2311 | Sewer    | Entered a sewer
  2322 | Sewer    | Reached skill level 1 in Stealth
  2420 | Sewer    | Reached *** piety under Trog
  2468 | Sewer    | Reached skill level 6 in Maces & Flails
  2567 | Sewer    | Reached XP level 6. HP: 52/53 MP: 5/5
  2952 | D:3      | Received a gift from Trog
  3226 | D:3      | Noticed Jessica
  3235 | D:3      | Killed Jessica
  3251 | D:3      | Found a deep blue altar of Sif Muna.
  3312 | D:3      | Noticed Natasha
  3327 | D:3      | Killed Natasha
  3327 | D:3      | Reached skill level 7 in Maces & Flails
  3441 | D:3      | Noticed Natasha
  3449 | D:3      | Killed Natasha
  3564 | D:4      | Reached XP level 7. HP: 60/60 MP: 6/6
  4040 | D:4      | Noticed Duvessa
  4040 | D:4      | Noticed Dowan
  4057 | D:4      | Slain by Duvessa

Skill      XL: |  1  2  3  4  5  6 |
---------------+-------------------+-----
Maces & Flails | 4 5 6 7 |  7.2
Fighting       | 4 |  4.8
Stealth        | 1 |  1.8
Armour         | 3 4 |  4.3
Dodging        | 3 |  3.5

Action                   |  1- 3 |  4- 6 |  7- 9 || total
-------------------------+-------+-------+-------++-------
Melee: Mace              |    83 |   135 |     3 ||   221
       Headbutt          |    13 |    29 |     2 ||    44
       Morningstar       |       |       |    22 ||    22
Invok: Berserk           |     3 |     7 |     2 ||    12
  Use: Scroll            |       |       |     6 ||     6
       Potion            |       |       |     1 ||     1
 Stab: Distracted        |     1 |       |       ||     1
  Eat: Chunk             |     6 |     8 |     3 ||    17
       Ration            |       |     1 |       ||     1
Armor: Animal skin       |    24 |       |       ||    24
       Chain mail        |     6 |   103 |    15 ||   124
       Leather armour    |     2 |       |       ||     2
Dodge: Dodged            |    61 |    68 |    22 ||   151
